Map: Acropolis LE

Players

Abcake

  • Race: Terran Terran
  • League: Master
  • Spawn Location: 5:00

Spy - Winner!

  • Race: Zerg Zerg
  • League: Diamond
  • Spawn Location: 11:00

VOD

Have the link to the VOD?

Description

A Ravager Rush, perfect for a guide.

Time

  • Played on: June 12, 2019, 1:45 a.m.
  • Length: 4:24
Show
View Real Time Build Order
Export as new Build Order

Abcake Terran 

Build Orders: Reaper Expand 

Get SALT Encoding   

  12  0:00  SCV  
  13  0:12  SCV  
  14  0:17  Supply Depot  
  14  0:24  SCV  
  15  0:38  SCV  
  15  0:39  Barracks  
  16  0:43  Refinery  
  16  0:50  SCV  
  17  1:02  SCV  
  18  1:15  SCV  
  19  1:26  Reaper  
  19  1:27  Orbital Command  
  20  1:40  Command Center  
  20  1:54  SCV  
  21  1:55  Supply Depot  
  21  1:58  Marine  
  22  2:06  SCV  
  23  2:12  Factory  
  23  2:13  Refinery  
  23  2:18  SCV  
  24  2:24  Barracks Tech Lab  
  24  2:30  Bunker  
  24  2:34  Command Center  
  24  2:44  Marauder  
  26  2:50  SCV  
  27  2:53  Supply Depot  
  27  2:55  Supply Depot  
  26  3:11  Marauder  
  28  3:18  SCV, Factory Tech Lab  
  29  3:44  Starport  
  29  3:45  Cyclone  
  29  3:55  SCV  
  26  4:06  Marine  
Show
View Real Time Build Order
Export as new Build Order

Spy Zerg - Winner!

Build Orders: Pool Only, Ravager All-In 

Get SALT Encoding   

  12  0:17  Spawning Pool  
  11  0:22  Drone  
  11  0:26  Drone  
  13  0:31  Drone  
  13  0:34  Extractor  
  13  0:38  Drone  
  14  0:44  Extractor  
  14  0:45  Drone  
  14  1:04  Roach Warren  
  14  1:10  Overlord  
  13  1:44  Roach x3  
  19  1:58  Overlord  
  20  2:08  Ravager  
  20  2:09  Ravager  
  20  2:10  Ravager  
  22  2:21  Roach  
  24  2:32  Roach  
  26  2:49  Ravager  
  27  2:52  Roach  
  29  3:17  Ravager  
  30  3:31  Overlord  
  30  3:32  Overlord  
  27  3:58  Roach x3  
  30  4:08  Ravager  
Tags
 
Add a new tag
Caveats
  • Supply blocks, unpowered buildings, or Contaminate may cause inaccurate times.
  • Supply counts are checked every 10 seconds.